 Dungeon Crawl Stone Soup version 0.23-a0-175-g97aacdb (webtiles) character file.

52 Atlas the Sneak (level 3, -10/24 HPs)
             Began as an Octopode Assassin on Sept 17, 2018.
             Mangled by a gnoll
             ... wielding a cursed -1 halberd
              (15 damage)
             ... on level 2 of the Dungeon.
             The game lasted 00:02:25 (1625 turns).

Atlas the Sneak (Octopode Assassin)                 Turns: 1625, Time: 00:02:26

Health: -10/24     AC:  1    Str: 10    XL:     3   Next: 85%
Magic:  3/3        EV: 13    Int: 13    God:
Gold:   65         SH:  0    Dex: 14    Spells: 2/2 levels left

rFire    . . .     SeeInvis .   g - -2 dagger (curse)
rCold    . . .     Gourm    .   (no shield)
rNeg     . . .     Faith    .   (helmet restricted)
rPois    .         Spirit   .   (no amulet)
rElec    .         Reflect  .   (no ring)
rCorr    .         Harm     .   (no ring)
MR       .....                  (no ring)
Stlth    ++++......             (no ring)
HPRegen  0.08/turn              (no ring)
MPRegen  0.08/turn              (no ring)
                                (no ring)
                                (no ring)

@: no status effects
A: almost no armour, stealthy swim, amphibious, 8 rings, constrict 8, camouflage
1, gelatinous body 1
a: no special abilities


You were on level 2 of the Dungeon.
You were not hungry.

You visited 1 branch of the dungeon, and saw 2 of its levels.

You collected 65 gold pieces.

Inventory:

Hand Weapons
 a - a +2 dagger
 b - a +0 blowgun
 g - a cursed -2 dagger (weapon)
Missiles
 c - 8 poisoned needles
 d - 2 curare-tipped needles
Scrolls
 k - a scroll of magic mapping
 l - a scroll of amnesia
Potions
 e - a potion of curing {unknown}
Comestibles
 f - 2 rations
 i - 2 chunks of flesh


   Skills:
 + Level 2.3 Fighting
 + Level 2.3 Short Blades
 + Level 2.3 Throwing
 + Level 1.0 Dodging
 + Level 6.6 Stealth


You had 2 spell levels left.
You didn't know any spells.
Your spell library was empty.

Dungeon Overview and Level Annotations

Branches:
Dungeon (2/15)

Altars:
Nemelex Xobeh


Innate Abilities, Weirdness & Mutations

You cannot wear most types of armour.
You are very stealthy in the water. (Stealth+)
You are amphibious.
You can wear up to eight rings at the same time.
You can use your tentacles to constrict eight enemies at once.
Your skin changes colour to match your surroundings (Stealth+).
Your rubbery body absorbs attacks. (AC +1, EV +1)


Message History

The gnoll hits you with a halberd!
Okay, then.
You hit the gnoll but do no damage. You grab the gnoll. You squeeze the gnoll.
The gnoll is moderately wounded.
You constrict the gnoll, but do no damage.
You hit the gnoll but do no damage.
The gnoll is moderately wounded.
You constrict the gnoll, but do no damage.
The gnoll hits you with a halberd!
* * * LOW HITPOINT WARNING * * *
The gnoll completely misses you.
You hit the gnoll but do no damage.
The gnoll is moderately wounded.
You constrict the gnoll. The gnoll misses you.
You hit the gnoll but do no damage.
The gnoll is heavily wounded.
You constrict the gnoll, but do no damage.
The gnoll closely misses you. The gnoll hits you with a halberd!
Ouch! That really hurt!
You die...

#......##### #...........
#.......(... ##### #...........
#...# #......##### #...# #......#
#...# #......# ###
######...#############.#.######..
.....'...'...ggg@...[.........'..
######...########...(..#.######..
#...# #..#####.# #.. ##### #..#
#.# ### ..########..# #.#
........(#..# #.# #..###......#
#.# #......# ... #......# #.#


You could see 3 gnolls.

Vanquished Creatures
  2 adders (D:2)
  2 dart slugs
  A leopard gecko (D:1)
  A giant cockroach (D:1)
  7 hobgoblins
  3 jackals (D:1)
  3 bats
  A frilled lizard (D:2)
  4 goblins
  2 kobolds
  2 rats (D:1)
28 creatures vanquished.

Notes
Turn   | Place    | Note
-------+----------+-------------------------------------------
     0 | D:1      | Atlas the Octopode Assassin began the quest for the Orb.
     0 | D:1      | Reached XP level 1. HP: 14/14 MP: 1/1
   395 | D:1      | Found a sparkling altar of Nemelex Xobeh.
   528 | D:1      | Reached XP level 2. HP: 16/19 MP: 2/2
   845 | D:1      | Reached skill level 6 in Stealth
  1063 | D:1      | Reached XP level 3. HP: 20/24 MP: 3/3
  1625 | D:2      | Mangled by a gnoll

Vault maps used:
D:1:      co_arrival_random_square_maze, nemelex_diamond_rough_becter
D:2:      zin_academy

Skill      XL: |  1  2 |
---------------+-------+-----
Stealth        | 6 |  6.6
Fighting       | |  2.3
Short Blades   | |  2.3
Throwing       | |  2.3
Dodging        | |  1.0

Action                   || total
-------------------------++-------
Melee: Dagger            ||    63
       Constrict         ||    12
       Tentacles         ||     9
  Use: Scroll            ||     5
 Stab: Sleeping          ||    15
  Eat: Chunk             ||     2
Armor: Skin              ||     3
Dodge: Dodged            ||    32

Table legend:
 A = Non-vault XP
 B = Vault XP
 C = Vault XP percentage of total XP
 D = Non-vault monster count
 E = Vault monster count
 F = Vault count percentage of total count
                 A         B        C        D         E       F
            +---------+---------+-------+---------+---------+-------
      Total |      75 |       0 |   0.0 |      28 |       0 |   0.0
            +---------+---------+-------+---------+---------+-------
        D:1 |      36 |       0 |   0.0 |      19 |       0 |   0.0
        D:2 |      39 |       0 |   0.0 |       9 |       0 |   0.0
            +---------+---------+-------+---------+---------+-------
